 Dungeon Sprint DCSS version 0.29-a0-617-g7a6b98fccd (webtiles) character file.

Game seed: 6489234591118214586

1005 mhtbhm the Summoner (level 8, -9/48 HPs)
             Began as an Octopode Summoner on June 17, 2022.
             Was an Initiate of Gozag.
             Mangled by a red devil
             ... wielding a +0 trident
             ... summoned by a kobold demonologist
              (15 damage)
             ... in the Dungeon (Sprint I: "Red Sonja").
             The game lasted 00:03:59 (1083 turns).

mhtbhm the Summoner (Octopode Summoner)             Turns: 1083, Time: 00:03:59

Health: -9/48      AC:  1    Str:  7    XL:     8   Next: 20%
Magic:  2/21       EV: 14    Int: 20    God:    Gozag
Gold:   148        SH:  0    Dex: 12    Spells: 5/25 levels left

rFire   . . .      SeeInvis .     - Unarmed
rCold   . . .      Faith    .   (no shield)
rNeg    . . .      Spirit   .   (helmet restricted)
rPois   .          Reflect  .   (no amulet)
rElec   .          Harm     .   (no ring)
rCorr   .          Rampage  .   (no ring)
Will    .....      NoTele   +   (no ring)
Stlth   ++++......              (no ring)
HPRegen 0.16/turn               (no ring)
MPRegen 0.17/turn               (no ring)
                                (no ring)
                                (no ring)

@: gold aura, hasted, very quick
A: almost no armour, amphibious, 8 rings, camouflage 1, gelatinous body 1,
(nimble swimmer 1), tentacles
a: Renounce Religion, Potion Petition, Call Merchant, Bribe Branch


You were in the Dungeon.
You worshipped Gozag.
Gozag was aware of your devotion.
You visited 1 branch You collected 512 gold pieces.
You spent 364 gold pieces at shops.

Inventory:

Wands
 e - a wand of polymorph (6)
Scrolls
 g - 2 scrolls of identify {unknown}
Potions
 a - 3 potions of magic
 b - a potion of curing


   Skills:
 + Level 1.1 Fighting
 + Level 3.7 Dodging
 + Level 4.8 Stealth
 + Level 1.7 Unarmed Combat
 + Level 9.2 Spellcasting
 + Level 2.3 Hexes
 + Level 13.5 Summonings
 + Level 2.7 Air Magic


You had 5 spell levels left.
You knew the following spells:

 Your Spells              Type           Power      Damage    Failure   Level
a - Summon Small Mammal   Summ           100%       N/A       1%          1
b - Call Imp              Summ           59%        N/A       1%          2
c - Call Canine Familiar  Summ           59%        N/A       1%          3
d - Summon Guardian Gole  Hex/Summ       41%        N/A       1%          3
e - Summon Lightning Spi  Summ/Air       41%        N/A       2%          4
f - Summon Hydra          Summ           29%        N/A       24%         7

Your spell library contained the following spells:

 Spells                   Type           Power      Damage    Failure   Level
 Sublimation of Blood     Necr           9%         N/A       12%         2
 Wereblood                Tmut           9%         N/A       12%         2


Dungeon Overview and Level Annotations

Branches:
Dungeon (1/1)

Altars:
Cheibriados
Dithmenos
Elyvilon
Fedhas
Gozag
Hepliaklqana
Kikubaaqudgha
Makhleb
Nemelex Xobeh
Okawaru
Qazlal
Ru
Sif Muna
Trog
Uskayaw
Vehumet
Wu Jian
Xom
Yredelemnul
Zin
The Shining One
Jiyva
Lugonu

Shops:
D :


Innate Abilities, Weirdness & Mutations

You cannot wear most types of armour.
You are amphibious.
You can wear up to eight rings at the same time.
Your skin changes colour to match your surroundings (Stealth+).
Your rubbery body absorbs attacks. (AC +1, EV +1)
((You are camouflaged when in or above water. (Stealth+)))
You have tentacles for arms and can constrict up to eight enemies at once.


Message History

Aim: a kobold demonologist, wielding a +0 dagger and wearing a +0 robe (severely wounded) Attack!
Unknown command.
There is an open door here.
You see here a +0 giant club.
There is an open door here.
You close the door.
A sun demon opens the door.
There is an open door here.
Things that are here:
a +0 dagger; a +1 ring mail of willpower
There is a fountain of clear blue water here.
Things that are here:
a +0 dagger; a +1 ring mail of willpower
There is an open door here.
The kobold demonologist looks satisfied for a moment.
There is an open door here.
Casting: Summon Lightning Spire (dangerous; 3% risk of failure)
Confirm with . or Enter, or press ? or * to list all spells.
Okay, then.
Casting: Summon Lightning Spire (dangerous; 3% risk of failure)
Confirm with . or Enter, or press ? or * to list all spells.
An electric hum fills the air.
Your lightning spire shoots out a bolt of lightning at the kobold demonologist!
The bolt of electricity hits the kobold demonologist! x2
The kobold demonologist dies!
The bolt of electricity hits your lightning spire.
Your lightning spire completely resists.
The bolt of electricity hits your lightning spire.
Your lightning spire completely resists.
Your Spellcasting skill increases to level 9!
Your Hexes skill increases to level 2!
You have reached level 8!
There is an open door here.
You see here a +0 giant club.
You now have 148 gold pieces (gained 54).
Things that are here:
a +0 dagger; a +0 robe The red devil hits you from afar with a +0 trident!
You die...
Your body crumbles into a pile of gold.

#########################
#<.#..'))#4.'..#_§#..$K..
#..'..#8@').#8.'..'..#K..
#..#####'#####'#__#### ..
#..####..#...#.#### #
#.)#__####..##.# $$
#..#_____##'#_.+
#⌠⌠#_.∩..÷'..._# $$
####_..__##_.#'#
$$#_____###+#.#$$ $
####### ### $


You could see a red devil (summoned, ally target) and a friendly lightning spire
(summoned).

Vanquished Creatures (collateral kills)
  A kobold demonologist (D)
  A slime creature (D)
  A yak (D)
  A floating eye (D)
  An ogre (D)
  Ijyb (D)
6 creatures vanquished.

Vanquished Creatures (others)
  Sigmund (D)
  A jelly (D)
2 creatures vanquished.

Grand Total: 8 creatures vanquished

Notes
Turn   | Place    | Note
-------+----------+-------------------------------------------
     0 | D        | mhtbhm the Octopode Summoner began the quest for the Orb.
     0 | D        | Reached XP level 1. HP: 11/11 MP: 3/3
     1 | D        | Noticed Ijyb
    26 | D        | Killed Ijyb
    27 | D        | Reached skill level 6 in Summonings
    27 | D        | Reached XP level 2. HP: 17/17 MP: 1/5
    27 | D        | Reached XP level 3. HP: 21/21 MP: 1/7
   264 | D        | Learned a level 2 spell: Call Imp
   268 | D        | Learned a level 3 spell: Call Canine Familiar
   276 | D        | Noticed an ogre
   290 | D        | Killed an ogre
   291 | D        | Reached skill level 8 in Summonings
   291 | D        | Reached XP level 4. HP: 27/27 MP: 0/9
   479 | D        | Learned a level 3 spell: Summon Guardian Golem
   483 | D        | Noticed Sigmund
   503 | D        | Killed Sigmund
   504 | D        | Reached skill level 1 in Unarmed Combat
   504 | D        | Reached skill level 5 in Spellcasting
   504 | D        | Reached skill level 10 in Summonings
   504 | D        | Reached XP level 5. HP: 32/32 MP: 2/13
   504 | D        | Reached XP level 6. HP: 37/37 MP: 2/14
   608 | D        | Learned a level 4 spell: Summon Lightning Spire
   608 | D        | Found an ornate altar of the Wu Jian Council.
   608 | D        | Found a shimmering blue altar of Sif Muna.
   610 | D        | Found a radiant altar of Vehumet.
   633 | D        | Reached skill level 11 in Summonings
   704 | D        | Found Sitrua's Book Emporium.
   704 | D        | Found an ancient bone altar of Kikubaaqudgha.
   704 | D        | Found a hazy altar of Hepliaklqana.
   704 | D        | Found a stormy altar of Qazlal.
   704 | D        | Found a hide-covered altar of Uskayaw.
   704 | D        | Found a blossoming altar of Fedhas.
   704 | D        | Found a bloodstained altar of Trog.
   704 | D        | Found an iron altar of Okawaru.
   704 | D        | Found a basalt altar of Yredelemnul.
   704 | D        | Found a glowing golden altar of the Shining One.
   704 | D        | Found a snail-covered altar of Cheibriados.
   704 | D        | Found a sacrificial altar of Ru.
   704 | D        | Found a glowing silver altar of Zin.
   704 | D        | Found a shadowy altar of Dithmenos.
   704 | D        | Found a white marble altar of Elyvilon.
   704 | D        | Noticed a yak
   710 | D        | Killed a yak
   711 | D        | Reached skill level 12 in Summonings
   711 | D        | Reached XP level 7. HP: 42/42 MP: 2/17
   713 | D        | Found an opulent altar of Gozag.
   714 | D        | Found a sparkling altar of Nemelex Xobeh.
   733 | D        | Became a worshipper of Gozag Ym Sagoz the Greedy
   950 | D        | Found a burning altar of Makhleb.
   950 | D        | Found a viscous altar of Jiyva.
   950 | D        | Found a shimmering altar of Xom.
   950 | D        | Found a corrupted altar of Lugonu.
   950 | D        | Noticed a slime creature
   954 | D        | Killed a slime creature
   955 | D        | Reached skill level 1 in Fighting
   955 | D        | Reached skill level 1 in Hexes
   955 | D        | Reached skill level 1 in Air Magic
   990 | D        | Bought a book of Blood for 364 gold pieces
   998 | D        | Learned a level 7 spell: Summon Hydra
  1033 | D        | Noticed a kobold demonologist
  1038 | D        | Reached skill level 13 in Summonings
  1040 | D        | Noticed a sun demon
  1041 | D        | Noticed a kobold demonologist
  1042 | D        | HP: 1/43 [sun demon[a kobold demonologist] (15)]
  1078 | D        | Killed a kobold demonologist
  1079 | D        | Reached XP level 8. HP: 5/48 MP: 2/21
  1083 | D        | Noticed a red devil
  1083 | D        | Mangled by a red devil

Illustrated notes

Levels and vault maps discovered:
D:        dungeon_sprint_1 [red_sonja_temple_1, red_sonja_temple_small_1]

Skill      XL: |  1  2  3  4  5  6  7 |
---------------+----------------------+-----
Stealth        | 3 4 |  4.8
Summonings     | 6 8 10 12 13 | 13.5
Dodging        | 3 |  3.7
Spellcasting   | 3 5 7 9 |  9.2
Unarmed Combat | 1 |  1.7
Fighting       | 1 |  1.1
Hexes          | 2 |  2.3
Air Magic      | 2 |  2.7

Action                   |  1- 3 |  4- 6 |  7- 9 || total
-------------------------+-------+-------+-------++-------
Melee: Unarmed           |     8 |       |       ||     8
 Cast: Summon Small Mamm |     6 |     2 |       ||     8
       Call Imp          |     1 |     2 |     2 ||     5
       Call Canine Famil |     1 |     2 |     1 ||     4
       Summon Guardian G |       |     3 |     2 ||     5
       Summon Lightning  |       |     2 |     5 ||     7
       Summon Hydra      |       |       |     1 ||     1
  Use: Potion            |     1 |       |     2 ||     3
       Scroll            |       |       |     1 ||     1
Dodge: Dodged            |     4 |       |     1 ||     5

Table legend: (Time is in decaauts)
 A = Elapsed time spent in this place.
 B = Non-inter-level travel time spent in this place.
 C = Inter-level travel time spent in this place.
 D = Time resting spent in this place.
 E = Time spent auto-exploring this place.
 F = Levels seen in this place.
 G = Mean time per level.
                   A        B        C        D        E       F      G
               +--------+--------+--------+--------+--------+-----+--------+
         Total |   1079 |   1079 |      0 |    727 |      1 |   1 | 1079.0 |
       Dungeon |   1079 |   1079 |      0 |    727 |      1 |   1 | 1079.0 |
               +--------+--------+--------+--------+--------+-----+--------+

Top non-repeatable levels by time:
       D: 1079 daAuts
